 Dungeon Crawl Stone Soup version 0.30-a0-596-g0af90f9a20 (webtiles) character file.

Game seed: 9249611712176213206

69 wormed the Insei (level 4, 0/28 HPs)
             Began as an Octopode Transmuter on Jan 7, 2023.
             Slain by an orc
             ... wielding a +1 mace of holy wrath
              (4 damage)
             ... on level 3 of the Dungeon.
             The game lasted 00:02:47 (1743 turns).

wormed the Insei (Octopode Transmuter)              Turns: 1743, Time: 00:02:48

Health: 0/28       AC:  1    Str:  9    XL:     4   Next: 20%
Magic:  5/7        EV: 13    Int: 17    God:
Gold:   23         SH:  0    Dex: 12    Spells: 4/7 levels left

rFire   . . .      SeeInvis .      - Unarmed
rCold   . . .      Faith    .    (no shield)
rNeg    . . .      Spirit   .    (helmet currently unavailable)
rPois   .          Reflect  .    (no amulet)
rElec   .          Harm     .    k - ring of willpower
rCorr   .          Rampage  .    (no ring)
Will    +....                    (no ring)
Stlth   ++                       (no ring)
HPRegen 0.24/turn                (no ring)
MPRegen 0.10/turn                (no ring)
                                 (no ring)
                                 (no ring)

@: appendages, wereblooded
A: tentacle spike 3, almost no armour, amphibious, 8 rings, camouflage 1,
gelatinous body 1, (nimble swimmer 1), tentacles
a: End Transformation


You were on level 3 of the Dungeon.
One of your tentacles had grown a beastly spike.
You visited 1 branch of the dungeon, and saw 3 of its levels.

You collected 75 gold pieces.
You spent 52 gold pieces at shops.

Inventory:

Jewellery
 k - a ring of willpower (left tentacle)
Scrolls
 b - 3 scrolls of teleportation
 d - 3 scrolls of identify
 f - a scroll of enchant armour
 i - 2 scrolls of silence
 l - a scroll of amnesia {unknown}
Potions
 c - 2 potions of attraction
 e - a potion of magic
 g - a potion of ambrosia
 h - a potion of flight
 j - a potion of curing


   Skills:
 + Level 1.5 Fighting
 + Level 2.4 Dodging
 + Level 3.3 Unarmed Combat
 + Level 2.3 Spellcasting
 * Level 3.0 Transmutations
 + Level 1.0 Ice Magic


You had 4 spell levels left.
You knew the following spells:

 Your Spells              Type           Power      Damage    Failure   Level
a - Beastly Appendage     Tmut           24%        N/A       5%          1
b - Wereblood             Tmut           12%        N/A       9%          2

Your spell library contained the following spells:

 Spells                   Type           Power      Damage    Failure   Level
 Spider Form              Tmut/Pois      7%         N/A       30%         3
 Ice Form                 Ice/Tmut       8%         N/A       63%         4


Dungeon Overview and Level Annotations

Branches:
Dungeon (3/15)

Altars:

Shops:
D:1 ?


Innate Abilities, Weirdness & Mutations

One of your tentacles has grown a beastly spike.
You cannot wear most types of armour.
You are amphibious.
You can wear up to eight rings at the same time.
Your skin changes colour to match your surroundings (Stealth+).
Your rubbery body absorbs attacks. (AC +1, EV +1)
((You are camouflaged when in or above water. (Stealth+)))
You have tentacles for arms and can constrict up to eight enemies at once.


Message History

There is an open door here.
i - 2 scrolls of silence (gained 1)
An orc wizard comes into view. It is wielding a +0 dagger.
Found a scroll labelled MIMILINECOR.
An orc wizard is nearby!
An orc wizard is nearby!
An orc wizard is nearby!
An orc comes into view. It is wielding a +1 mace of holy wrath.
Casting: Wereblood (safe; 9% risk of failure)
Confirm with . or Enter, or press ? or * to list all spells.
One of your tentacles grows a vicious spike.
The orc wizard casts a spell at you. The puff of flame hits you.
Casting: Beastly Appendage (safe; 5% risk of failure)
Confirm with . or Enter, or press ? or * to list all spells.
Your blood is infused with primal strength.
You miss the orc wizard. Your grab misses the orc wizard.
The orc wizard mumbles some strange words.
The orc wizard flickers and vanishes!
Deactivating autopickup; reactivate with Ctrl-A.
You closely miss something.
Your tentacle spike misses something.
Your squeeze misses something. You barely miss something.
Your tentacle spike misses something.
Something hits you but does no damage.
You miss something.
Your tentacle spike misses something.
Your squeeze misses something. Something hits you.
You closely miss something.
Your tentacle spike misses something.
Something hits you.
You miss something. Something hits you.
You barely miss something.
Your tentacle spike misses something.
Something hits you.
You closely miss something.
Your tentacle spike misses something.
Your squeeze misses something. Something hits you.
You closely miss something.
You hear some strange, mumbled words.
A puff of flame appears from out of thin air!
The puff of flame hits you!
* * * LOW HITPOINT WARNING * * *
The orc hits you with a +1 mace of holy wrath.
You die...

########
#..?..$######
###.##.@{...?..
######.#.##.#o#####.
............#.#
###.....####.#
##....# .# ##.#.# .#
..# #.#... .# #.#
#.##### ## #.# ##'##


You could see an orc.

Vanquished Creatures
  3 gnolls (D:3)
  A worm (D:2)
  2 dart slugs
  An orc (D:3)
  6 ball pythons
  An endoplasm (D:3)
  A giant cockroach (D:2)
  3 goblins
  2 hobgoblins
  2 kobolds
  3 quokkas
  3 bats
  2 frilled lizards (D:1)
  3 rats (D:1)
  2 butterflies (D:1)
35 creatures vanquished.

Notes
Turn   | Place    | Note
-------+----------+-------------------------------------------
     0 | D:1      | wormed the Octopode Transmuter began the quest for the Orb.
     0 | D:1      | Reached XP level 1. HP: 13/13 MP: 3/3
   154 | D:1      | Found Ciajiof's Magic Scroll Boutique.
   162 | D:1      | Reached XP level 2. HP: 18/18 MP: 3/5
   184 | D:1      | Bought a scroll of identify for 26 gold pieces
   627 | D:2      | Reached XP level 3. HP: 23/23 MP: 4/6
   851 | D:2      | Learned a level 2 spell: Wereblood
  1192 | D:1      | Bought a scroll of identify for 26 gold pieces
  1617 | D:3      | Reached skill level 1 in Ice Magic
  1617 | D:3      | Reached XP level 4. HP: 17/28 MP: 4/7
  1743 | D:3      | Slain by an orc

Illustrated notes

Levels and vault maps discovered:
D:1:      ncdulo_watergridlock, layout_rooms, serial_shops, shop_scrolls,
          hangedman_glass_garden, minivault_19, serial_bayou_pond_d
D:2:      layout_basic
D:3:      layout_loops_corners, lemuel_round_altar, nicolae_figureground_sparkle

Skill      XL: |  1  2  3  4 |
---------------+-------------+-----
Ice Magic      | 1 |  1.0
Transmutations | 3 |  3.0
Fighting       | |  1.5
Dodging        | |  2.4
Unarmed Combat | |  3.3
Spellcasting   | |  2.3

Action                   |  1- 3 |  4- 6 || total
-------------------------+-------+-------++-------
Melee: Unarmed           |    69 |    15 ||    84
       Constrict         |    20 |       ||    20
       Kick              |    13 |       ||    13
       Tentacles         |    13 |       ||    13
       Punch             |     2 |       ||     2
 Cast: Beastly Appendage |    17 |     1 ||    18
       Wereblood         |     1 |     1 ||     2
  Use: Scroll            |    11 |       ||    11
       Potion            |     1 |       ||     1
 Stab: Sleeping          |     5 |       ||     5
Armor: Skin              |     6 |     2 ||     8
Dodge: Dodged            |    38 |     2 ||    40

Table legend: (Time is in decaauts)
 A = Elapsed time spent in this place.
 B = Non-inter-level travel time spent in this place.
 C = Inter-level travel time spent in this place.
 D = Time resting spent in this place.
 E = Time spent auto-exploring this place.
 F = Levels seen in this place.
 G = Mean time per level.
                   A        B        C        D        E       F      G
               +--------+--------+--------+--------+--------+-----+--------+
         Total |   1737 |   1581 |    156 |     83 |   1210 |   3 |  579.0 |
       Dungeon |   1737 |   1581 |    156 |     83 |   1210 |   3 |  579.0 |
               +--------+--------+--------+--------+--------+-----+--------+

Top non-repeatable levels by time:
     D:2: 785 daAuts
     D:3: 488 daAuts
     D:1: 463 daAuts
